 Dungeon Crawl Stone Soup version 0.23-a0-622-g59b4ea9 (webtiles) character file.

307 Lavandula the Cutter (level 6, -7/36 HPs)
             Began as a Halfling Enchanter on Dec 23, 2018.
             Was an Initiate of Vehumet.
             Mangled by Duvessa
             ... wielding a +0 short sword
              (8 damage)
             ... on level 4 of the Dungeon.
             The game lasted 00:09:27 (2789 turns).

Lavandula the Cutter (Halfling Enchanter)           Turns: 2789, Time: 00:09:27

Health: -7/36      AC:  2    Str: 14    XL:     6   Next: 68%
Magic:  10/10      EV: 20    Int: 20    God:    Vehumet [......]
Gold:   184        SH:  0    Dex: 20    Spells: 1/10 levels left

rFire    . . .     SeeInvis .   a - +1 dagger
rCold    . . .     Gourm    .   (shield restricted)
rNeg     . . .     Faith    .   b - +0 robe
rPois    .         Spirit   .   (no helmet)
rElec    .         Reflect  .   (no cloak)
rCorr    .         Harm     .   (no gloves)
MR       .....                  (no boots)
Stlth    ++++......             (no amulet)
HPRegen  0.12/turn              (no ring)
MPRegen  0.12/turn              (no ring)

@: mighty, brilliant, agile
A: small, mutation resistance 1
a: Renounce Religion


You were on level 4 of the Dungeon.
You worshipped Vehumet.
Vehumet was noncommittal.
You were not hungry.

You visited 2 branches of the dungeon, and saw 6 of its levels.

You collected 184 gold pieces.

Inventory:

Hand Weapons
 a - a +1 dagger (weapon)
 j - a +0 falchion
Missiles
 h - 66 sling bullets
 n - 2 throwing nets (quivered)
Armour
 b - a +0 robe (worn)
 p - a +1 ring mail of poison resistance
Jewellery
 q - a cursed -3 ring of dexterity {unknown}
Wands
 l - a wand of iceblast (7)
 o - a wand of random effects (10)
Scrolls
 e - a scroll of amnesia
 f - a scroll of identify
 m - a scroll of noise
 r - a scroll of teleportation {unknown}
 t - a scroll of random uselessness {unknown}
 w - a scroll of remove curse {unknown}
Potions
 c - a potion of degeneration {unknown}
 i - a potion of brilliance
 k - a potion of curing {unknown}
Comestibles
 d - 3 rations


   Skills:
 - Level 5.3 Short Blades
 - Level 2.1 Dodging
 - Level 3.2 Stealth
 - Level 2.9 Spellcasting
 + Level 3.4 Hexes


You had one spell level left.
You knew the following spells:

 Your Spells              Type           Power        Failure   Level  Hunger
a - Corona                Hex            ####...      1%          1    None
b - Ensorcelled Hibernat  Hex/Ice        ###...       1%          2    ##.....
c - Confuse               Hex            ####....     1%          3    ###....
d - Dazzling Spray        Conj/Hex       ###...       2%          3    ###....

Your spell library contained the following spells:

 Spells                   Type           Power        Failure   Level  Hunger
 Confusing Touch          Hex            ####..       1%          1    None
 Tukima's Dance           Hex            ####....     1%          3    ###....
 Gell's Gravitas          Tloc           ##........   5%          3    ###....
 Petrify                  Tmut/Erth      ##......     16%         4    ####...
 Metabolic Englaciation   Hex/Ice        ###.......   21%         5    ######.
 Yara's Violent Unravell  Hex/Tmut       ###.......   21%         5    ######.


Dungeon Overview and Level Annotations

Branches:
Dungeon (5/15)             Temple (1/1) D:4

Altars:
Ashenzari
Cheibriados
Elyvilon
Gozag
Hepliaklqana
Ru
Uskayaw
Vehumet
Xom
Zin
The Shining One

Annotations:
D:4 Dowan, Duvessa


Innate Abilities, Weirdness & Mutations

You are small and have problems with some larger weapons.
You are somewhat resistant to further mutation.


Message History

Press: ? - help, Shift-Dir - straight line, f/p - Dowan
Aim: Dowan, wielding a +0 dagger and wearing a +0 robe (almost dead, heavily The puff of flame hits something.
Something hits you.
* * * LOW HITPOINT WARNING * * *
Dowan casts a spell.
Dowan blinks!
Something hits you!
* * * LOW HITPOINT WARNING * * *
Unknown command.
Okay, then.
As you read the scroll labeled WAOTHE EDIFY, it crumbles to dust.
It is a scroll of identify.
e - a scroll of amnesia Something hits you but does no damage.
Unknown command.
As you read the scroll labeled YMEBOUFE HUIZU, it crumbles to dust.
You hear a loud clanging noise!
It was a scroll of noise.
You hear a shout!
Something hits you!
You die...

#############...##..###.
#<.#....##.##...##..###.
#...............#.....#.
#...............#.....#.
#...............#.....#.
#...####....##......#......#
.##...##########.......#...#..
.^......#.....##.......###..#.
........#....@##......## #....
.......$#.....{.ยง......#
##..# ...o....#..............#
#... .h......#..............#
#### ......e<#......e.......#
........#..............#
###..##'##...###....#..# #>
#.###'####....#### ..
...............#


You could see Dowan.

Vanquished Creatures
  A centaur (D:3)
  A crimson imp (D:4)
  2 hounds (D:4)
  A centaur skeleton (D:4)
  A worker ant (D:4)
  3 adders
  A worm (D:4)
  A dart slug (D:1)
  2 orcs
  2 giant cockroaches (D:3)
  5 goblins
  4 hobgoblins
  3 jackals (D:3)
  7 kobolds
  2 quokkas
  A ball python (D:3)
  6 bats
  2 frilled lizards
  9 rats
54 creatures vanquished.

Notes
Turn   | Place    | Note
-------+----------+-------------------------------------------
     0 | D:1      | Lavandula the Halfling Enchanter began the quest for the
                  | Orb.
     0 | D:1      | Reached XP level 1. HP: 11/11 MP: 3/3
   115 | D:1      | Reached skill level 2 in Short Blades
   234 | D:1      | Reached XP level 2. HP: 15/17 MP: 4/4
   243 | D:1      | Learned a level 2 spell: Ensorcelled Hibernation
   370 | D:2      | Reached skill level 3 in Short Blades
   550 | D:3      | Reached XP level 3. HP: 20/21 MP: 5/5
   715 | D:3      | Reached skill level 4 in Short Blades
  1006 | D:3      | Reached XP level 4. HP: 23/27 MP: 6/6
  1040 | D:3      | Noticed a centaur
  1051 | D:3      | Killed a centaur
  1051 | D:3      | Reached XP level 5. HP: 15/31 MP: 0/9
  1057 | D:3      | Learned a level 3 spell: Confuse
  1061 | D:3      | Learned a level 3 spell: Dazzling Spray
  1498 | D:4      | Reached skill level 5 in Short Blades
  1498 | D:4      | Reached XP level 6. HP: 36/36 MP: 10/10
  1760 | D:5      | Entered Level 5 of the Dungeon
  1760 | D:5      | Noticed a phantom
  2161 | D:4      | Noticed Dowan
  2173 | D:4      | Noticed Duvessa
  2636 | D:4      | Found a staircase to the Ecumenical Temple.
  2645 | Temple   | Entered the Ecumenical Temple
  2703 | Temple   | Became a worshipper of Vehumet
  2787 | D:4      | HP: 1/36 [something (8)]
  2789 | D:4      | Mangled by Duvessa

Vault maps used:
D:1:      lightli_arrival_noodles
D:2:      first_ration, kennysheep_generic_room_14
D:3:      chequers_ecumenical_altar_grove, corner_web_ring, uniq_jessica
D:4:      minmay_temple_entry_poolview, hex_tiny, uniq_duvessa
D:5:      serial_shops, kennysheep_little_box,
          nicolae_shop_temple_entry_statues_fountains
Temple:   eino_temple_scatter_basement

Skill      XL: |  1  2  3  4  5  6 |
---------------+-------------------+-----
Short Blades   | 2 3 4 5 |  5.3
Spellcasting   | 2 |  2.9
Hexes          | 3 |  3.4
Dodging        | |  2.1
Stealth        | |  3.2

Action                   |  1- 3 |  4- 6 || total
-------------------------+-------+-------++-------
Melee: Dagger            |   111 |    97 ||   208
 Cast: Corona            |     9 |       ||     9
       Ensorcelled Hiber |     1 |    18 ||    19
       Confuse           |       |    10 ||    10
       Dazzling Spray    |       |     2 ||     2
Evoke: Wand              |     2 |     3 ||     5
  Use: Potion            |       |     4 ||     4
       Scroll            |       |     2 ||     2
 Stab: Sleeping          |    10 |     6 ||    16
       Confused          |     1 |     1 ||     2
  Eat: Chunk             |     1 |     8 ||     9
Armor: Robe              |    27 |    12 ||    39
Dodge: Dodged            |    87 |    92 ||   179

Table legend:
 A = Non-vault XP
 B = Vault XP
 C = Vault XP percentage of total XP
 D = Non-vault monster count
 E = Vault monster count
 F = Vault count percentage of total count
                 A         B        C        D         E       F
            +---------+---------+-------+---------+---------+-------
      Total |     439 |       0 |   0.0 |      54 |       0 |   0.0
            +---------+---------+-------+---------+---------+-------
        D:1 |      14 |       0 |   0.0 |       9 |       0 |   0.0
        D:2 |      14 |       0 |   0.0 |       9 |       0 |   0.0
        D:3 |     166 |       0 |   0.0 |      26 |       0 |   0.0
        D:4 |     245 |       0 |   0.0 |      10 |       0 |   0.0
            +---------+---------+-------+---------+---------+-------
